 Dungeon Crawl Stone Soup version 0.25.0-9-g26727b657a (webtiles) character file.

Game seed: 13021695069906324681

46822 theswoord the Demonic Cataclysm (level 14, -1/119 HPs)
             Began as a Demonspawn Wanderer on June 19, 2020.
             Was a High Priest of Qazlal.
             Killed by nerve-wracking pain
             ... invoked by an Executioner
              (4 damage)
             ... on level 1 of the Abyss.
             The game lasted 00:52:06 (21975 turns).

theswoord the Demonic Cataclysm (DsWn)             Turns: 21975, Time: 00:52:07

Health: -1/119     AC: 24    Str: 15    XL:     14   Next: 6%
Magic:  36/36      EV:  6    Int: 10    God:    Qazlal [*****.]
Gold:   1334       SH:  6    Dex: 20    Spells: 13/13 levels left

rFire    + + .     SeeInvis .   P - +5 glaive "Beastslayer" {speed, Int-5 Dex+6}
rCold    . . .     Gourm    .   (shield currently unavailable)
rNeg     + . .     Faith    +   E - +4 chain mail {rF+}
rPois    .         Spirit   .   (helmet restricted)
rElec    .         Reflect  .   B - +1 cloak {rCorr}
rCorr    +         Harm     .   (no gloves)
MR       +....                  x - +0 pair of boots (curse)
Stlth    ..........             q - amulet of faith
HPRegen  0.00/turn              W - ring of magical power
MPRegen  0.25/turn              o - ring of protection from fire

@: about to teleport, protected from physical damage, very slightly
contaminated, hasted, lightly drained, repel missiles, very quick
A: horns 2, molten scales 2, demonic guardian 2, negative energy resistance 1,
powered by death 2, inhibited regeneration
a: Upheaval, Elemental Force, Disaster Area, Renounce Religion


You were on level 1 of the Abyss.
You worshipped Qazlal.
Qazlal was extremely pleased with you.
You were completely stuffed.

You visited 4 branches of the dungeon, and saw 19 of its levels.
You visited the Abyss 1 time.

You collected 1334 gold pieces.

Inventory:

Hand Weapons
 a - a +2 shortbow of flaming
 c - the +6 dagger "Ennak" {vorpal, rC++ SInv}
   (You took it off an orc priest on level 11 of the Dungeon)

   It inflicts extra damage upon your enemies.
   It greatly protects you from cold.
   It lets you see invisible.
 P - the +5 glaive "Beastslayer" (weapon) {speed, Int-5 Dex+6}
   (You found it on level 5 of the Dungeon)

   Attacks with this weapon are significantly faster.
   It affects your intelligence (-5).
   It affects your dexterity (+6).
 V - a +0 triple crossbow
Missiles
 H - 145 arrows
Armour
 e - a +0 pair of gloves
 p - the +2 robe "Gyikhlar" {rF+++ Str+5 Stlth-}
   (You found it on level 4 of the Dungeon)

   It affects your strength (+5).
   It renders you almost immune to fire.
   It makes you less stealthy.
 x - a cursed +0 pair of boots (worn)
 B - a +1 cloak of preservation (worn)
 E - a +4 chain mail of fire resistance (worn)
 X - +0 fire dragon scales
Jewellery
 i - a +6 ring of intelligence
 l - an uncursed ring of wizardry
 o - a ring of protection from fire (right hand)
 q - an amulet of faith (around neck)
 y - an uncursed ring of flight
 G - an uncursed amulet of the acrobat {unknown}
 W - a ring of magical power (left hand)
Wands
 v - a wand of digging (12)
 I - a wand of clouds (8)
 O - a wand of acid (6)
 Q - a wand of iceblast (6)
Scrolls
 d - 2 scrolls of fog
 m - 2 scrolls of noise
 t - 3 scrolls of fear
 u - 9 scrolls of remove curse
 z - 6 scrolls of amnesia
 C - 2 scrolls of magic mapping
 F - 4 scrolls of immolation
 K - 2 scrolls of vulnerability
 L - a scroll of brand weapon
 R - a scroll of enchant armour
 S - a scroll of holy word
 U - a scroll of identify
Potions
 b - 4 potions of lignification
 g - 2 potions of brilliance
 h - 3 potions of berserk rage
 A - 6 potions of stabbing
 D - 3 potions of cancellation
 J - a potion of mutation
 M - 2 potions of magic
 N - 3 potions of flight
 T - a potion of invisibility
Comestibles
 f - 38 rations


   Skills:
 + Level 13.7(13.0) Fighting
 + Level 8.3(7.7) Polearms
 - Level 8.3(7.6) Bows
 + Level 7.4(6.8) Armour
   Level 1.0(0.4) Shields
 + Level 18.0(17.2) Invocations
 - Level 1.0(0.4) Evocations


You had 13 spell levels left.
You didn't know any spells.
Your spell library contained the following spells:

 Spells                   Type           Power        Failure   Level  Hunger
 Corona                   Hex            #......      99%         1    ##.....
 Shock                    Conj/Air       #...         99%         1    ##.....
 Summon Butterflies       Summ           #.......     99%         1    ##.....
 Summon Small Mammal      Summ           #...         99%         1    ##.....
 Call Imp                 Summ           #.......     100%        2    ###....
 Slow                     Hex            #.......     100%        2    ###....
 Sublimation of Blood     Necr           #.........   100%        2    ###....
 Swiftness                Chrm/Air       #.......     100%        2    ###....
 Inner Flame              Hex/Fire       #.......     100%        3    ####...
 Portal Projectile        Hex/Tloc       #.....       100%        3    ####...
 Recall                   Summ/Tloc      N/A          100%        3    ####...
 Static Discharge         Conj/Air       #.......     100%        3    ####...
 Airstrike                Air            #.........   100%        4    #####..
 Cause Fear               Hex            #.........   100%        4    #####..
 Dispel Undead            Necr           #.......     100%        4    #####..
 Leda's Liquefaction      Hex/Erth       #.........   100%        4    #####..
 Aura of Abjuration       Summ           #.........   100%        5    ######.
 Borgnjor's Vile Clutch   Necr/Erth      #.........   100%        5    ######.
 Excruciating Wounds      Chrm/Necr      #.........   100%        5    ######.
 Lightning Bolt           Conj/Air       #.........   100%        5    ######.
 Summon Demon             Summ           #.........   100%        5    ######.
 Summon Forest            Summ/Tloc      #.........   100%        5    ######.
 Summon Mana Viper        Hex/Summ       #.......     100%        5    ######.
 Death Channel            Necr           #.........   100%        6    #######
 Shadow Creatures         Summ           N/A          100%        6    #######
 Spellforged Servitor     Conj/Summ      #.........   100%        7    #######


Dungeon Overview and Level Annotations

Branches:
Dungeon (11/15)            Temple (1/1) D:5            Lair (6/6) D:11
  Swamp (0/4) Lair:4       Spider (0/4) Lair:3        Slime (0/5) Lair:6
    Orc (1/2) D:11

Altars:
Ashenzari
Cheibriados
Dithmenos
Elyvilon
Fedhas
Gozag
Hepliaklqana
Kikubaaqudgha
Makhleb
Nemelex Xobeh
Okawaru
Qazlal
Ru
Sif Muna
Trog
Uskayaw
Vehumet
Wu Jian
Xom
Yredelemnul
Zin
The Shining One
Jiyva

Shops:
D:5 (

Annotations:
D:11 3 runed translucent doors


Innate Abilities, Weirdness & Mutations

You have a pair of horns on your head.
You are mostly covered in molten scales. (AC +3)
A demonic guardian rushes to your aid.
You resist negative energy. (rN+)
You regenerate health from kills.
You do not regenerate when monsters are visible.


Message History

The Executioner hits you but does no damage.
You block the Executioner's attack.
You swap places.
The Executioner hits your orange demon!
The Executioner hits your orange demon but does no damage.
The Executioner hits your orange demon. x2
The Executioner hits your orange demon but does no damage.
The Executioner hits your orange demon.
The Executioner barely misses your orange demon.
The Executioner closely misses your orange demon.
The Executioner hits your orange demon.
Your orange demon misses the Executioner.
Your orange demon hits the Executioner.
The Executioner hits your orange demon!!
Your orange demon dies!
The Executioner gestures at you. Pain shoots through your body!
* * * LOW HITPOINT WARNING * * *
The Executioner gestures at you. Pain shoots through your body!
You die...

##. ###.. #
.#..#.# .#
#....#.#####.#
##...#.§.☼..#
......#..@.#
..#..#Z...#.#
#..##.§☼##.##
....##1# #..# .
....#...# .#.# .
##.
###.##..#...##
## ##..# ##...
....#.#.##..#)##
#.....#.# # .#


You could see an Executioner (fast) and a fire giant skeleton.

Vanquished Creatures
  An azure jelly (Lair:6)
  Fannar (Lair:3)
  5 hydras
  A catoblepas (Lair:6)
  Urug (Lair:5)
  An orange crystal statue (D:11)
  A lindwurm (Lair:6)
  An ugly thing (D:11)
  An orc sorcerer (Orc:1)
  An elephant (Lair:3)
  6 black mambas
  A torpor snail (Lair:6)
  10 spiny frogs
  A molten gargoyle (Lair:6)
  A rime drake (Lair:5)
  8 komodo dragons
  2 freezing wraiths (D:11)
  2 trolls
  2 polar bears
  2 jumping spiders (Lair:3)
  8 hippogriffs
  A raiju (Abyss:1)
  20 blink frogs
  A redback (Lair:3)
  A shadow (D:11)
  3 wraiths
  12 yaks
  5 wyverns
  2 vampires
  5 basilisks
  A neqoxec (Abyss:1)
  4 vampire mosquitoes (Lair:4)
  3 steam dragons (Lair:6)
  A warg (D:11)
  An acid dragon (D:11)
  9 porcupines
  9 water moccasins
  3 soldier ants
  3 hell hounds (Lair:6)
  An ice beast (D:6)
  5 orc warriors
  2 sky beasts
  A black bear (D:9)
  An eye of draining (D:9)
  7 wolves
  5 ogres
  5 centaurs
  7 crocodiles
  2 big kobolds
  14 bullfrogs
  A wyvern skeleton (D:8)
  A scorpion (D:8)
  4 killer bees (D:9)
  3 wights (D:10)
  4 jellies
  A howler monkey (D:4)
  An electric eel (Lair:4)
  6 crimson imps
  5 lava snakes (Lair:6)
  10 orc priests
  A bullfrog skeleton (D:7)
  3 hounds
  A quasit (D:7)
  11 orc wizards
  3 centaur skeletons
  A gnoll shaman (D:9)
  An iguana (D:10)
  8 worker ants
  A killer bee zombie (D:7)
  A hound zombie (D:9)
  A howler monkey zombie (D:9)
  7 gnolls
  8 adders
  2 shadow imps
  An ooze (D:1)
  6 worms
  2 dart slugs
  3 leopard geckos
  44 orcs
  6 bats
  5 giant cockroaches
  4 goblins
  10 hobgoblins
  7 jackals
  7 quokkas
  4 frilled lizards
  A giant cockroach zombie (D:5)
  18 kobolds
  A leopard gecko skeleton (D:4)
  2 quokka zombies
  5 rats
  A butterfly (Lair:1)
  2 fungi (Lair:5)
  4 plants
409 creatures vanquished.

Vanquished Creatures (collateral kills)
  An ettin (D:11)
  A fire dragon (Lair:6)
  Erolcha (D:9)
  Harold (D:8)
  A hydra (Lair:6)
  A catoblepas (Lair:6)
  A death knight (D:11)
  2 two-headed ogres
  A cyclops (D:11)
  2 elephants (Lair:3)
  Psyche (D:8)
  2 molten gargoyles (Lair:6)
  A spiny frog (Lair:2)
  A centaur skeleton (D:11)
  A black mamba (Lair:6)
  3 komodo dragons
  4 trolls
  2 hornets
  2 hippogriffs
  6 blink frogs
  12 yaks
  3 basilisks
  Menkaure (D:5)
  Edmund (D:6)
  A hell hound (Lair:6)
  2 sky beasts
  An ice beast (D:8)
  A phantom (D:5)
  2 black bears (D:7)
  4 wolves (Lair:6)
  2 ogres
  2 crocodiles
  A big kobold (D:8)
  3 bullfrogs
  An electric eel (Lair:2)
  A quasit (D:8)
  A jelly (D:9)
  An orc priest (D:3)
  A bullfrog skeleton (D:11)
  2 worker ants (D:8)
  A worm (D:8)
  An orc (D:9)
  3 kobolds (D:8)
  A plant (D:11)
84 creatures vanquished.

Vanquished Creatures (others)
  5 fungi
  13 plants
18 creatures vanquished.

Grand Total: 511 creatures vanquished

Notes
Turn   | Place    | Note
-------+----------+-------------------------------------------
     0 | D:1      | theswoord the Demonspawn Wanderer began the quest for the
                  | Orb.
     0 | D:1      | theswoord set off with the following items: a +0 shortbow,
                  | a potion of lignification, a +2 scale mail, 27 arrows, a
                  | ration
     0 | D:1      | Reached XP level 1. HP: 21/21 MP: 1/1
   210 | D:1      | Gained mutation: You are partially covered in molten
                  | scales. (AC +2) [demonic ancestry]
   210 | D:1      | Reached XP level 2. HP: 27/27 MP: 2/2
   870 | D:2      | Gained mutation: A weak demonic guardian rushes to your
                  | aid. [demonic ancestry]
   870 | D:2      | Reached XP level 3. HP: 33/33 MP: 3/3
   931 | D:2      | Found a shadowy altar of Dithmenos.
   939 | D:2      | Found a sparkling altar of Nemelex Xobeh.
  1055 | D:2      | Found a sacrificial altar of Ru.
  1544 | D:2      | Found a hide-covered altar of Uskayaw.
  1734 | D:3      | Gained mutation: You regenerate a little health from kills.
                  | [demonic ancestry]
  1734 | D:3      | Reached XP level 4. HP: 10/40 MP: 4/4
  2514 | D:3      | Gained mutation: You are mostly covered in molten scales.
                  | (AC +3) [demonic ancestry]
  2514 | D:3      | Reached XP level 5. HP: 23/46 MP: 5/5
  3282 | D:4      | Gained mutation: A demonic guardian rushes to your aid.
                  | [demonic ancestry]
  3282 | D:4      | Reached XP level 6. HP: 53/53 MP: 6/6
  3365 | D:4      | Found a snail-covered altar of Cheibriados.
  3460 | D:4      | Found an iron altar of Okawaru.
  3463 | D:4      | Found a hazy altar of Hepliaklqana.
  3466 | D:4      | Found a glowing golden altar of the Shining One.
  3469 | D:4      | Found a burning altar of Makhleb.
  3707 | D:4      | Got an opalescent robe
  3711 | D:4      | Identified the +2 robe "Gyikhlar" {rF+++ Str+5 Stlth-} (You
                  | found it on level 4 of the Dungeon)
  3735 | D:5      | Entered Level 5 of the Dungeon
  3775 | D:5      | Found Diyh's Antique Weapon Emporium.
  4079 | D:5      | Found a staircase to the Ecumenical Temple.
  4105 | Temple   | Entered the Ecumenical Temple
  4141 | Temple   | Became a worshipper of Qazlal Stormbringer
  4354 | D:5      | Found an ornate altar of the Wu Jian Council.
  4383 | D:5      | Noticed a sky beast
  4394 | D:5      | Killed a sky beast
  4394 | D:5      | Reached skill level 1 in Invocations
  4394 | D:5      | Gained mutation: You have a pair of small horns on your
                  | head. [demonic ancestry]
  4394 | D:5      | Reached XP level 7. HP: 61/61 MP: 7/7
  4574 | D:5      | Found a blossoming altar of Fedhas.
  4598 | D:5      | Noticed a wraith
  4601 | D:5      | Found an ancient bone altar of Kikubaaqudgha.
  4603 | D:5      | Noticed Menkaure
  4609 | D:5      | Found a basalt altar of Yredelemnul.
  4624 | D:5      | Noticed a vampire
  4627 | D:5      | Found a transporter.
  4638 | D:5      | Found a transporter.
  4735 | D:5      | Reached skill level 2 in Invocations
  5104 | D:6      | Reached skill level 3 in Invocations
  5310 | D:6      | Reached skill level 4 in Invocations
  5565 | D:6      | Noticed Edmund
  5574 | D:6      | Killed Edmund
  5574 | D:6      | Reached * piety under Qazlal
  5574 | D:6      | Gained mutation: You regenerate health from kills. [demonic
                  | ancestry]
  5574 | D:6      | Reached XP level 8. HP: 68/68 MP: 11/11
  5594 | D:6      | Reached skill level 5 in Invocations
  5799 | D:7      | Found a bloodstained altar of Trog.
  5814 | D:7      | Reached skill level 6 in Invocations
  5864 | D:7      | Reached skill level 5 in Bows
  6092 | D:7      | Noticed a hippogriff
  6096 | D:7      | Killed a hippogriff
  6099 | D:7      | Reached skill level 7 in Invocations
  6817 | D:8      | Reached skill level 8 in Invocations
  6855 | D:8      | Reached XP level 9. HP: 76/76 MP: 15/15
  7033 | D:8      | Noticed Psyche
  7039 | D:8      | Killed Psyche
  7046 | D:8      | Identified Wexaogy's Volume of Supportive Sinister Rituals
  7047 | D:8      | Noticed Harold
  7056 | D:8      | Killed Harold
  7056 | D:8      | Reached skill level 9 in Invocations
  7097 | D:8      | Reached ** piety under Qazlal
  7179 | D:8      | Noticed a troll
  7185 | D:8      | Killed a troll
  7185 | D:8      | Reached skill level 10 in Invocations
  7300 | D:8      | Noticed a two-headed ogre
  7308 | D:8      | Killed a two-headed ogre
  7534 | D:8      | Reached skill level 11 in Invocations
  7780 | D:8      | Reached XP level 10. HP: 85/85 MP: 18/18
  8426 | D:9      | Reached skill level 10 in Fighting
  8764 | D:9      | Reached skill level 12 in Invocations
  8875 | D:9      | Noticed a two-headed ogre
  8888 | D:9      | Killed a two-headed ogre
  9098 | D:9      | Noticed Erolcha
  9101 | D:9      | Killed Erolcha
  9101 | D:9      | Reached skill level 13 in Invocations
  9301 | D:9      | Found a burning altar of Makhleb.
  9301 | D:9      | Noticed an Executioner
  9456 | D:10     | Entered Level 10 of the Dungeon
  9456 | D:10     | Found a shadowy altar of Dithmenos.
 10063 | D:10     | Reached *** piety under Qazlal
 10068 | D:10     | Gained mutation: You have a pair of horns on your head.
                  | [demonic ancestry]
 10068 | D:10     | Reached XP level 11. HP: 92/92 MP: 21/21
 10915 | D:5      | Killed Menkaure
 10980 | D:5      | Got a smoking glaive
 10982 | D:5      | Identified the +5 glaive "Beastslayer" {speed, Int-5 Dex+6}
                  | (You found it on level 5 of the Dungeon)
 11195 | D:11     | Noticed a death knight
 11201 | D:11     | Reached skill level 14 in Invocations
 11201 | D:11     | Reached skill level 1 in Polearms
 11203 | D:11     | Killed a death knight
 11212 | D:11     | Identified the +6 dagger "Ennak" {vorpal, rC++ SInv}
 11328 | D:11     | Noticed a cyan ugly thing
 11344 | D:11     | Killed a cyan ugly thing
 11662 | D:11     | Found a staircase to the Orcish Mines.
 11693 | D:11     | Found a runed translucent door.
 11712 | D:11     | Found a runed translucent door.
 11724 | D:11     | Found a runed translucent door.
 11736 | D:11     | Found a runed translucent door.
 11876 | D:11     | Paralysed by a hornet for 3 turns
 12057 | D:11     | Found a staircase to the Lair.
 12068 | D:11     | Reached skill level 15 in Invocations
 12447 | D:11     | Noticed an orange crystal statue
 12457 | D:11     | Killed an orange crystal statue
 12660 | Lair:1   | Entered Level 1 of the Lair of Beasts
 12660 | Lair:1   | Noticed a five-headed hydra
 12673 | D:11     | Killed a six-headed hydra
 13112 | Lair:1   | Noticed a four-headed hydra
 13122 | Lair:1   | Killed a four-headed hydra
 13272 | Lair:1   | Reached XP level 12. HP: 47/102 MP: 23/23
 14486 | Lair:2   | Reached skill level 16 in Invocations
 14500 | Lair:2   | Reached **** piety under Qazlal
 14628 | Lair:2   | Reached skill level 5 in Polearms
 14667 | Lair:2   | Noticed an eight-headed hydra
 15194 | Lair:2   | Killed an eight-headed hydra
 16143 | Lair:3   | Identified the Guide on Lethal Summoning
 16181 | Lair:3   | Noticed Fannar
 16195 | Lair:3   | Killed Fannar
 16485 | Lair:3   | Found a hole to the Spider Nest.
 16888 | Lair:4   | Reached skill level 5 in Armour
 16947 | Lair:4   | Noticed a seven-headed hydra
 16956 | Lair:4   | Killed a ten-headed hydra
 16956 | Lair:4   | Reached XP level 13. HP: 75/109 MP: 25/25
 17520 | Lair:4   | Found a staircase to the Swamp.
 18164 | Lair:5   | Reached skill level 17 in Invocations
 18247 | Lair:5   | Noticed Urug
 18272 | Lair:5   | Killed Urug
 19018 | Lair:6   | Entered Level 6 of the Lair of Beasts
 19034 | Lair:6   | Reached ***** piety under Qazlal
 19271 | Lair:6   | Noticed a fire dragon
 19330 | Lair:6   | Found a large runed translucent door.
 19543 | Lair:6   | Found a large runed translucent door.
 19558 | Lair:6   | HP: 4/111 [12-headed hydra (11)]
 20390 | Lair:6   | Found a runed translucent door.
 20390 | Lair:6   | Found a viscous altar of Jiyva.
 20390 | Lair:6   | Found a staircase to the Slime Pits.
 20390 | Lair:6   | Noticed an azure jelly
 20396 | Lair:6   | Found a shimmering altar of Xom.
 21074 | Lair:6   | Killed a fire dragon
 21227 | Lair:6   | Killed an azure jelly
 21227 | Lair:6   | Gained mutation: You resist negative energy. (rN+) [demonic
                  | ancestry]
 21227 | Lair:6   | Reached XP level 14. HP: 113/119 MP: 26/26
 21463 | Orc:1    | Entered Level 1 of the Orcish Mines
 21483 | D:11     | Reached skill level 18 in Invocations
 21500 | Orc:1    | Paralysed by an orc sorcerer for 5 turns
 21509 | Orc:1    | Paralysed by an orc sorcerer for 7 turns
 21850 | Orc:1    | Cast into level 1 of the Abyss (orc priest)
 21874 | Abyss:1  | Found a corrupted altar of Lugonu.
 21893 | Abyss:1  | Gained mutation: You do not regenerate when monsters are
                  | visible. [a neqoxec]
 21915 | Abyss:1  | Noticed a tentacled starspawn
 21947 | Abyss:1  | Noticed an Executioner
 21975 | Abyss:1  | HP: 3/119 [Executioner/nerve-wracking pain (5)]
 21975 | Abyss:1  | Killed from afar by an Executioner

Skill      XL: |  1  2  3  4  5  6  7  8  9 10 11 12 13 14 |
---------------+-------------------------------------------+-----
Armour         | 2 5 7 |  7.4
Bows           | 2 3 4 5 6 8 |  8.3
Fighting       | 6 7 8 9 10 11 12 13 | 13.7
Invocations    | 1 4 8 11 13 15 16 17 18 | 18.0
Polearms       | 4 6 8 |  8.3
Shields        | |  1.0
Evocations     | |  1.0

Action                   |  1- 3 |  4- 6 |  7- 9 | 10-12 | 13-15 || total
-------------------------+-------+-------+-------+-------+-------++-------
Melee: Whip              |       |       |       |    53 |       ||    53
       Headbutt          |       |       |       |    70 |    88 ||   158
       Glaive            |       |       |       |   260 |   355 ||   615
       Dagger            |       |       |       |     5 |       ||     5
 Fire: Shortbow          |   171 |   233 |   427 |   572 |   132 ||  1535
Invok: Upheaval          |       |       |       |    19 |     4 ||    23
       Elemental Force   |       |       |       |       |     1 ||     1
  Use: Scroll            |       |     5 |    10 |    13 |    12 ||    40
       Potion            |       |       |       |     5 |     5 ||    10
 Stab: Distracted        |       |       |       |     4 |     4 ||     8
  Eat: Chunk             |     2 |     8 |    11 |    21 |    11 ||    53
       Ration            |       |       |       |     2 |     4 ||     6
Armor: Scale mail        |    48 |    57 |    74 |       |       ||   179
       Chain mail        |       |       |   134 |   380 |   330 ||   844
Dodge: Dodged            |    57 |    39 |    74 |   142 |   125 ||   437
       Repelled          |       |       |       |       |    10 ||    10
Block: Other             |       |       |     8 |    89 |   145 ||   242

Levels and vault maps discovered:
D:1:      dpeg_arrival_concentric_ovals, layout_basic
D:2:      layout_loops_corners, lemuel_coloured_pillars_altar,
          grunt_temple_overflow_open, nicolae_ru_sacrificial_ziggurat
D:3:      layout_basic, serial_aquarium, aquarium_bridge_square
          [aquarium_subvault_bridge, aquarium_subvault_wall,
          aquarium_subvault_wall, aquarium_subvault_bridge],
          aquarium_window_fake, aquarium_window_corridor_1, aquarium_window_1,
          aquarium_window_1, aquarium_view_2c, aquarium_view_2c,
          aquarium_pool_five
D:4:      layout_basic, kennysheep_slug_shrine, grunt_temple_overflow_cloverleaf
D:5:      layout_loops_ring, gammafunk_temple_of_torment,
          overflow_temple_1_default, minmay_temple_entry_antechambers,
          first_ration, serial_shops, nicolae_shop_overgrown_old_shop,
          chequers_serial_rivers_small_a, fountainhead, fedhas_altar_2
D:6:      layout_basic, uniq_edmund
D:7:      layout_loops_ring, trog_ov_bears_minmay
D:8:      layout_cave_pods, hangedman_pestilent_swarm, uniq_harold, uniq_psyche
D:9:      layout_rooms, makhleb_altar_promises_db, uniq_erolcha
D:10:     layout_grid_maze, grunt_dithmenos_smoke_and_mirrors
D:11:     layout_roguey, david_lair_shrubbed, erik_orc_4,
          minmay_statue_crystal_thing
Temple:   jpeg_temple_island
Lair:1:   layout_layer_cave, chequers_serial_rivers_large_a, lemuel_fruit_fields
Lair:2:   layout_chaotic_city, lemuel_fruit_tree, serial_bayou_shore_a
Lair:3:   layout_cave_pods, spider_nest_entry_a, uniq_fannar
Lair:4:   layout_concentric_octagons, minmay_swamp_entry_swarm, st_stairs_9,
          grunt_megastairs_3, lemuel_fruit_fields
Lair:5:   layout_gridlike, uniq_urug
Lair:6:   cheibrodos_lair_end_hotspot, layout_gridlike, slime_altar_2,
          basic_altar, serial_bayou_ford_a
Orc:1:    layout_diamond_mine
Abyss:1:  base:
Orc:1
